 Dungeon Crawl Stone Soup version 0.21-a0-185-g3a6ed1e (webtiles) character file.

74 polean the Shooter (level 4, 0/34 HPs)
             Began as a Human Hunter on Aug 12, 2017.
             Slain by Sigmund
             ... wielding a +0 scythe of freezing
              (1 damage)
             ... on level 3 of the Dungeon.
             The game lasted 00:08:40 (1990 turns).

polean the Shooter (Human Hunter)                   Turns: 1990, Time: 00:08:41

Health: 0/34       AC:  5    Str: 21    XL:     4   Next: 54%
Magic:  4/4        EV: 12    Int: 13    God:
Gold:   112        SH:  0    Dex: 13    Spells: 3/3 levels left

rFire    . . .     SeeInvis .   b - +2 short sword (protect)
rCold    . . .     Gourm    .   (no shield)
rNeg     . . .     Faith    .   c - +1 leather armour
rPois    .         Spirit   .   (no helmet)
rElec    .         Reflect  .   e - +0 cloak
rCorr    .         Harm     .   (no gloves)
MR       .....                  (no boots)
Stlth    +.........             (no amulet)
HPRegen  0.11/turn              (no ring)
MPRegen  0.09/turn              (no ring)

@: confused, mighty, invisible
A: clever 1, mutation resistance 1, strong 1
a: no special abilities


You were on level 3 of the Dungeon.
You were not hungry.

You visited 1 branch of the dungeon, and saw 3 of its levels.

You collected 112 gold pieces.

Inventory:

Hand Weapons
 a - a +2 shortbow
 b - a +2 short sword of protection (weapon)
Missiles
 d - 35 arrows
Armour
 c - a +1 leather armour (worn)
 e - a +0 cloak (worn)
Wands
 k - a wand of enslavement (8/24)
 n - a wand of flame (20/48)
Scrolls
 o - 3 scrolls of teleportation
Potions
 h - a potion of flight
 i - 2 potions of cancellation
 j - a potion of agility
 m - a potion of magic
Comestibles
 f - 3 bread rations
 l - a royal jelly


   Skills:
 + Level 2.6 Fighting
 + Level 5.2 Bows
 + Level 0.6 Armour
 + Level 2.1 Dodging
 + Level 1.0 Stealth


You had 3 spell levels left.
You didn't know any spells.

Dungeon Overview and Level Annotations

Branches:
Dungeon (3/15)

Altars:

Annotations:
D:3 Sigmund


Innate Abilities, Weirdness & Mutations

Your mind is acute. (Int +2)
You are somewhat resistant to further mutation.
Your muscles are strong. (Str +2)


Message History

You clumsily bash something.
You hear some strange, mumbled words.
A magic dart appears from out of thin air!
The magic dart hits you!
Your +2 short sword of protection hums with potential!
b - a +2 short sword of protection (weapon)
You miss something.
You hear some strange, mumbled words.
You are confused.
You hear some strange, mumbled words.
A puff of flame appears from out of thin air!
The puff of flame misses you.
You bump into the rock wall.
Something hits you! Something freezes you.
* * * LOW HITPOINT WARNING * * *
You bump into the rock wall.
You fade into invisibility!
Something hits you!
* * * LOW HITPOINT WARNING * * *
Something freezes you.
You die...

#.#..## #####.# #.....##....
#.##..### ##..# #.....##.... #.
##...####...#####.....##....
#.####.........'...'.....'.....
#..............##.##.....##....
##############.##.##.....######
#.##.######## #######'##.#
.......@...# .....(.{.......
......((..##... .......(..# ..
.......(..# ....(..(..#
.......((.# ..........#


There were no monsters in sight!

Vanquished Creatures
  3 adders
  An ooze (D:3)
  A worm (D:1)
  2 dart slugs
  A leopard gecko (D:1)
  A ball python (D:1)
  A giant cockroach (D:1)
  7 goblins
  3 hobgoblins (D:1)
  6 kobolds
  5 bats
  A frilled lizard (D:1)
  4 rats
36 creatures vanquished.

Notes
Turn   | Place    | Note
-------+----------+-------------------------------------------
     0 | D:1      | polean the Human Hunter began the quest for the Orb.
     0 | D:1      | Reached XP level 1. HP: 16/16 MP: 1/1
    58 | D:1      | Reached XP level 2. HP: 22/22 MP: 2/2
   354 | D:1      | Gained mutation: Your muscles are strong. (Str +2) [potion of mutation]
   354 | D:1      | Gained mutation: Your mind is acute. (Int +2) [potion of mutation]
   354 | D:1      | Gained mutation: You are somewhat resistant to further mutation. [potion of mutation]
   434 | D:1      | Reached XP level 3. HP: 25/27 MP: 3/3
  1366 | D:2      | Reached skill level 5 in Bows
  1366 | D:2      | Reached XP level 4. HP: 22/34 MP: 4/4
  1976 | D:3      | Noticed Sigmund
  1990 | D:3      | HP: 1/34 [something (7)]
  1990 | D:3      | Slain by Sigmund

Vault maps used:
D:1:      elethiomel_arrival_fortress_basement, minmay_close_crescents
D:3:      old_standard_altar, gammafunk_temple_overflow_claw,
          nicolae_overflow_hidden_temple, uniq_sigmund

Skill      XL: |  1  2  3 |
---------------+----------+-----
Bows           | 5 |  5.2
Fighting       | |  2.6
Armour         | |  0.6
Dodging        | |  2.1
Stealth        | |  1.0

Action                   |  1- 3 |  4- 6 || total
-------------------------+-------+-------++-------
Melee: Short sword       |       |     2 ||     2
       Shortbow          |       |     1 ||     1
 Fire: Shortbow          |    78 |    35 ||   113
  Use: Potion            |    10 |     2 ||    12
       Scroll            |     8 |     1 ||     9
  Eat: Chunk             |     1 |       ||     1
       Royal jelly       |       |     1 ||     1
Armor: Leather armour    |     8 |     4 ||    12
Dodge: Dodged            |    19 |    12 ||    31
